 Dungeon Crawl Stone Soup version 0.29.1-2-gbd0b4ee654 (webtiles) character file.

Game seed: 11705200489029197332

723 styxcanada the Covert (level 7, -7/38 HPs)
             Began as a Spriggan Brigand on Nov 14, 2022.
             Mangled by Prince Ribbit (18 damage)
             ... on level 4 of the Dungeon.
             The game lasted 00:18:49 (5374 turns).

styxcanada the Covert (Spriggan Brigand)            Turns: 5374, Time: 00:18:50

Health: -7/38      AC:  3    Str:  7    XL:     7   Next: 43%
Magic:  8/8        EV: 18    Int: 19    God:
Gold:   198        SH:  0    Dex: 18    Spells: 6/6 levels left

rFire   . . .      SeeInvis +   d - +3 quarterstaff (chaos)
rCold   . . .      Faith    .   (shield currently unavailable)
rNeg    . . .      Spirit   .   b - +0 robe
rPois   .          Reflect  .   (helmet restricted)
rElec   .          Harm     .   c - +0 cloak
rCorr   .          Rampage  .   (gloves unavailable)
Will    ++...                   (boots unavailable)
Stlth   +++++.....              (no amulet)
HPRegen 0.12/turn               q - +6 ring of intelligence
MPRegen 0.11/turn               (no ring)

@: very quick
A: very small, no large weapons, unfitting armour, see invisible, speed 3,
strong-willed 1, robust 1, MP-powered wands
a: no special abilities


You were on level 4 of the Dungeon.
You visited 1 branch of the dungeon, and saw 5 of its levels.

You collected 198 gold pieces.

Inventory:

Hand Weapons
 a - a +3 dagger
 d - a +3 quarterstaff of chaos (weapon)
 p - a +0 sling
Missiles
 g - 57 stones (quivered)
 r - a curare-tipped dart
Armour
 b - a +0 robe (worn)
 c - a +0 cloak (worn)
Jewellery
 m - a ring of wizardry
 q - a +6 ring of intelligence (left hand)
Wands
 l - a wand of charming (1)
Scrolls
 f - 2 scrolls of fog
Potions
 e - a potion of cancellation {unknown}
 j - 2 potions of brilliance {unknown}
 k - 4 potions of curing
 n - a potion of haste {unknown}
 o - a potion of invisibility {unknown}


   Skills:
 * Level 2.7 Fighting
 + Level 3.9 Short Blades
 + Level 3.0 Throwing
 * Level 3.8 Dodging
 * Level 9.8 Stealth
 * Level 2.0 Unarmed Combat
 * Level 1.8 Evocations


You had 6 spell levels left.
You didn't know any spells.
Your spell library was empty.

Dungeon Overview and Level Annotations

Branches:
Dungeon (5/15)
 Temple: D:4-7

Altars:
Okawaru
Qazlal

Annotations:
D:4 Prince Ribbit
D:5 Pikel


Innate Abilities, Weirdness & Mutations

You are very small and have problems with some larger weapons.
You are too small for most types of armour.
You have supernaturally acute eyesight. (SInv)
You cover ground extremely quickly. (Speed+++)
You are strong-willed. (Will+)
You are robust. (+10% HP)
You expend magic power (3 MP) to strengthen your wands.


Message History

Press: ? - help, Q - select action, (/) - cycle Shift-Dir - straight line, f/p - Prince Ribbit
Aim: Prince Ribbit (heavily wounded, 36% to hit)
You shoot a sling bullet. The sling bullet misses Prince Ribbit.
Fire: p) +0 sling
Press: ? - help, Q - select action, (/) - cycle Shift-Dir - straight line, f/p - Prince Ribbit
Aim: Prince Ribbit (heavily wounded, 36% to hit)
You shoot a sling bullet.
The sling bullet barely misses Prince Ribbit.
Unknown command.
Fire: p) +0 sling
Press: ? - help, Q - select action, (/) - cycle Shift-Dir - straight line, f/p - Prince Ribbit
Aim: Prince Ribbit (heavily wounded, 36% to hit)
You shoot a sling bullet. The sling bullet hits Prince Ribbit.
Prince Ribbit is severely wounded.
Prince Ribbit blinks!
Prince Ribbit hits you.
a - a +3 dagger (weapon)
You hit Prince Ribbit.
Prince Ribbit is severely wounded.
Prince Ribbit closely misses you.
You hit Prince Ribbit.
Prince Ribbit is almost dead.
Prince Ribbit misses you. Prince Ribbit completely misses you.
You hit Prince Ribbit.
Prince Ribbit is almost dead.
Prince Ribbit blinks!
Prince Ribbit hits you.
You closely miss Prince Ribbit.
Prince Ribbit is almost dead.
Prince Ribbit blinks!
Prince Ribbit catches a mosquito with his tongue.
Prince Ribbit blinks!
You see here a +0 robe.
Your +3 quarterstaff of chaos is briefly surrounded by a scintillating aura of random colours.
d - a +3 quarterstaff of chaos (weapon)
Prince Ribbit hits you!
* * * LOW HITPOINT WARNING * * *
You barely miss Prince Ribbit.
Prince Ribbit is almost dead.
Prince Ribbit hits you!!
You die...

#.###### #.# #......# #.#
#.####.# #.# #.# #.# ###.### #.#
#.# #.....# #.# #.# #.....### #.#
#.# #........
########.####.###########.#.....#
...........§...F@§......._.......
########.####.###########.#####..
............#...#................
########.##.###.#.#######.#####..
......†..##.# #.#.....).[.# #..
###########.# #.###############..
..# #.# #.#.............#.. #.###
#.# #.#.###########.#.. #...###
#.# #.#.###########.#.#


You could see Prince Ribbit.

Vanquished Creatures
  Sigmund (D:3)
  An ogre (D:5)
  A scorpion (D:3)
  3 hounds
  An orc priest (D:2)
  Crazy Yiuf (D:3)
  Ijyb (D:4)
  3 iguanas
  An orc wizard (D:2)
  3 gnolls (D:4)
  2 adders
  2 dart slugs
  6 orcs
  6 ball pythons
  3 endoplasms
  6 goblins
  6 hobgoblins
  11 jackals
  9 kobolds
  6 quokkas
  5 bats
  3 frilled lizards
  6 rats
87 creatures vanquished.

Vanquished Creatures (others)
  A quokka (D:1)
1 creature vanquished.

Grand Total: 88 creatures vanquished

Notes
Turn   | Place    | Note
-------+----------+-------------------------------------------
     0 | D:1      | styxcanada the Spriggan Brigand began the quest for the
                  | Orb.
     0 | D:1      | Reached XP level 1. HP: 10/10 MP: 2/2
    96 | D:1      | Reached skill level 6 in Stealth
   305 | D:1      | Reached XP level 2. HP: 14/14 MP: 3/3
   355 | D:1      | Found a faded altar of an unknown god.
  1145 | D:2      | Reached skill level 7 in Stealth
  1145 | D:2      | Reached XP level 3. HP: 10/18 MP: 4/4
  1359 | D:2      | Reached XP level 4. HP: 18/23 MP: 5/5
  1793 | D:2      | Reached skill level 1 in Unarmed Combat
  2110 | D:3      | Noticed a scorpion
  2124 | D:3      | Killed a scorpion
  2125 | D:3      | Reached skill level 8 in Stealth
  2125 | D:3      | Reached XP level 5. HP: 26/26 MP: 6/6
  2288 | D:3      | Found a runed translucent door.
  2289 | D:3      | Noticed Crazy Yiuf
  2320 | D:3      | Killed Crazy Yiuf
  2516 | D:3      | Noticed Sigmund
  2545 | D:3      | Killed Sigmund
  2546 | D:3      | Reached XP level 6. HP: 28/30 MP: 7/7
  2628 | D:3      | Reached skill level 9 in Stealth
  2961 | D:4      | Noticed Ijyb
  3029 | D:4      | Killed Ijyb
  3503 | D:4      | Reached XP level 7. HP: 35/35 MP: 8/8
  3800 | D:4      | Reached skill level 1 in Evocations
  4238 | D:4      | Found an iron altar of Okawaru.
  4465 | D:5      | Entered Level 5 of the Dungeon
  4480 | D:5      | Noticed Pikel
  4556 | D:5      | Noticed Prince Ribbit
  4557 | D:5      | Noticed an air elemental
  4558 | D:5      | Found a stormy altar of Qazlal.
  4561 | D:5      | Noticed a fire elemental
  4803 | D:5      | HP: 1/35 [orc priest/divine providence (15)]
  5181 | D:4      | Gained mutation: You are strong-willed. (Will+) [potion of
                  | mutation]
  5181 | D:4      | Gained mutation: You expend magic power (3 MP) to
                  | strengthen your wands. [potion of mutation]
  5181 | D:4      | Gained mutation: You are robust. (+10% HP) [potion of
                  | mutation]
  5374 | D:4      | Mangled by Prince Ribbit

Illustrated notes

Levels and vault maps discovered:
D:1:      dpeg_arrival_tiny_c, layout_basic,
          dreamdust_ecumenical_altar_angels_and_demons
D:2:      layout_basic
D:3:      layout_rooms, uniq_crazy_yiuf_cottage, uniq_sigmund
D:4:      layout_basic, lemuel_crystal_altar, uniq_ijyb
D:5:      layout_basic, nicolae_qazlal_style_of_elements, kennysheep_boxes,
          uniq_pikel, uniq_prince_ribbit1

Skill      XL: |  1  2  3  4  5  6  7 |
---------------+----------------------+-----
Stealth        | 6 7 8 9 |  9.8
Dodging        | 2 3 |  3.8
Unarmed Combat | 1 2 |  2.0
Fighting       | 2 |  2.7
Short Blades   | 3 |  3.9
Evocations     | 1 |  1.8
Throwing       | 3 |  3.0

Action                   |  1- 3 |  4- 6 |  7- 9 || total
-------------------------+-------+-------+-------++-------
Melee: Dagger            |    80 |    67 |    62 ||   209
       Punch             |     3 |     4 |     1 ||     8
       Quarterstaff      |       |    13 |     1 ||    14
 Fire: Sling             |       |       |    15 ||    15
Throw: Dart              |     6 |    37 |    19 ||    62
       Stone             |       |     3 |     7 ||    10
  Use: Scroll            |       |     8 |     1 ||     9
       Potion            |       |       |     1 ||     1
 Stab: Sleeping          |     4 |    11 |     5 ||    20
       Distracted        |       |       |     1 ||     1
Armor: Robe              |     6 |     8 |     6 ||    20
Dodge: Dodged            |    49 |    58 |    48 ||   155
